TOP OF THE 1ST |
Greenville 84s batting - Pitching for Springfield Stars : LHP José López
|
Pitching: LHP José López
|
|
Batting: LHB Stanley Smith
|
0-0: Fly out, F5 (Line Drive, 56S)
|
Batting: LHB Juan Cortés
|
0-0: Called Strike 0-1: Called Strike 0-2: Ball 1-2: Foul Ball, location: 2F 1-2: Strikes out swinging
|
Batting: LHB Brock Larsen
|
0-0: Ground out 4-3 (Groundball, 4)
|
Top of the 1st over - 0 runs, 0 hits, 0 errors, 0 left on base; Greenville 0 - Springfield 0 |
BOTTOM OF THE 1ST |
Springfield Stars batting - Pitching for Greenville 84s : LHP Júlio Gracía
|
Pitching: LHP Júlio Gracía
|
|
Batting: SHB António De La Cruz
|
0-0: Foul Ball, location: 2F 0-1: Ball 1-1: Called Strike 1-2: Ball 2-2: Ball 3-2: SINGLE (Flyball, 78S)
|
Batting: LHB Jesús Tobías
|
0-0: SINGLE (Groundball, 4MD) António De La Cruz to second
|
Batting: LHB Derek Davidson
|
0-0: Called Strike 0-1: Foul Ball, location: 2F 0-2: Ball 1-2: Ball 2-2: Foul Ball, location: 2F 2-2: Foul Ball, location: 2F 2-2: Foul Ball, location: 2F 2-2: Fly out, F3 (Popup, 3)
|
Batting: LHB Felipe Guerrero
|
0-0: Ball 1-0: Called Strike 1-1: Fly out, F7 (Flyball, 78M)
|
Batting: LHB Elliott Newell
|
0-0: Ball 1-0: Foul Ball, location: 2F 1-1: Swinging Strike 1-2: Ground out 4-3 (Groundball, 4)
|
Bottom of the 1st over - 0 runs, 2 hits, 0 errors, 2 left on base; Greenville 0 - Springfield 0 |
TOP OF THE 2ND |
Greenville 84s batting - Pitching for Springfield Stars : LHP José López
|
Batting: RHB Enzo Díaz
|
0-0: Called Strike 0-1: Foul Ball, location: 2F 0-2: Ball 1-2: Ball 2-2: Foul Ball, location: 2F 2-2: Ground out 5-3 (Groundball, 5)
|
Batting: RHB Robert Buckley
|
0-0: Called Strike 0-1: Called Strike 0-2: Ball 1-2: Strikes out swinging
|
Batting: RHB Casey Fox
|
0-0: Ball 1-0: Ball 2-0: Fly out, F7 (Line Drive, 7)
|
Top of the 2nd over - 0 runs, 0 hits, 0 errors, 0 left on base; Greenville 0 - Springfield 0 |
BOTTOM OF THE 2ND |
Springfield Stars batting - Pitching for Greenville 84s : LHP Júlio Gracía
|
Batting: RHB Calvin Bennett
|
0-0: Called Strike 0-1: Fly out, F9 (Flyball, 89S)
|
Batting: RHB Norberto Taváres
|
0-0: Ball 1-0: Foul Ball, location: 2F 1-1: Foul Ball, location: 2F 1-2: Ground out 6-3 (Groundball, 6)
|
Batting: RHB Juan Carlos Rodríguez
|
0-0: Ball 1-0: Ball 2-0: Called Strike 2-1: Ball 3-1: Called Strike 3-2: Foul Ball, location: 2F 3-2: Fly out, F9 (Flyball, 9S)
|
Bottom of the 2nd over - 0 runs, 0 hits, 0 errors, 0 left on base; Greenville 0 - Springfield 0 |
TOP OF THE 3RD |
Greenville 84s batting - Pitching for Springfield Stars : LHP José López
|
Batting: RHB Pat Fernández
|
0-0: Fly out, F9 (Flyball, 9S)
|
Batting: LHB Robert Moore
|
0-0: Ball 1-0: Called Strike 1-1: Ball 2-1: SINGLE (Groundball, 4D)
|
Batting: RHB Patrick Potts
|
0-0: Ball 1-0: Called Strike 1-1: Ball 2-1: Swinging Strike 2-2: Foul Ball, location: 2F 2-2: DOUBLE (Groundball, 3L) Robert Moore to third
|
Batting: LHB Stanley Smith
|
0-0: Ball 1-0: DOUBLE (Line Drive, 89D) Robert Moore scores Patrick Potts scores
|
Batting: LHB Juan Cortés
|
0-0: Called Strike 0-1: Foul Ball, location: 2F 0-2: Strikes out swinging
|
Batting: LHB Brock Larsen
|
0-0: Ball 1-0: Fly out, F7 (Flyball, 7D)
|
Top of the 3rd over - 2 runs, 3 hits, 0 errors, 1 left on base; Greenville 2 - Springfield 0 |
BOTTOM OF THE 3RD |
Springfield Stars batting - Pitching for Greenville 84s : LHP Júlio Gracía
|
Batting: RHB Gabriel Erwin
|
0-0: Ball 1-0: TRIPLE (Flyball, 8RXD)
|
Batting: SHB António De La Cruz
|
0-0: Called Strike 0-1: Ball 1-1: Ball 2-1: Foul Ball, location: 2F 2-2: Ball 3-2: SINGLE (Flyball, 8LS) Gabriel Erwin scores
|
Batting: LHB Jesús Tobías
|
0-0: Ball 1-0: Foul Ball, location: 2F 1-1: Foul Ball, location: 2F 1-2: Ball 2-2: SINGLE (Line Drive, 8RS) António De La Cruz to second
|
Batting: LHB Derek Davidson
|
0-0: Foul Ball, location: 2F 0-1: Ball 1-1: Foul Ball, location: 2F 1-2: Strikes out looking
|
Batting: LHB Felipe Guerrero
|
0-0: Ball 1-0: Swinging Strike 1-1: Ball 2-1: Grounds into double play, 3-6-4 (Groundball, 34)
|
Bottom of the 3rd over - 1 run, 3 hits, 0 errors, 1 left on base; Greenville 2 - Springfield 1 |
TOP OF THE 4TH |
Greenville 84s batting - Pitching for Springfield Stars : LHP José López
|
Batting: RHB Enzo Díaz
|
0-0: Foul Ball, location: 2F 0-1: Foul Ball, location: 2F 0-2: Foul Ball, location: 2F 0-2: Ball 1-2: Ball 2-2: SOLO HOME RUN (Flyball, 7D), Distance : 390 ft
|
Batting: RHB Robert Buckley
|
0-0: Ball 1-0: Ball 2-0: Ball 3-0: Base on Balls
|
Batting: RHB Casey Fox
|
0-0: Swinging Strike 0-1: Swinging Strike 0-2: Ball 1-2: Ball 2-2: Strikes out looking
|
Batting: RHB Pat Fernández
|
0-0: Ball Balk! Robert Buckley to second 1-0: Called Strike 1-1: Swinging Strike 1-2: Strikes out swinging
|
Batting: LHB Robert Moore
|
0-0: Foul Ball, location: 2F 0-1: Foul Ball, location: 2F 0-2: Foul Ball, location: 2F 0-2: Ball 1-2: Ball 2-2: Foul Ball, location: 2F 2-2: Foul Ball, location: 2F 2-2: Foul Ball, location: 2F 2-2: Ball 3-2: Strikes out swinging
|
Top of the 4th over - 1 run, 1 hit, 0 errors, 1 left on base; Greenville 3 - Springfield 1 |
BOTTOM OF THE 4TH |
Springfield Stars batting - Pitching for Greenville 84s : LHP Júlio Gracía
|
Batting: LHB Elliott Newell
|
0-0: Ball 1-0: Called Strike 1-1: Ball 2-1: Fly out, F7 (Flyball, 78S)
|
Batting: RHB Calvin Bennett
|
0-0: Foul Ball, location: 2F 0-1: Swinging Strike 0-2: Fly out, F7 (Flyball, 78M)
|
Batting: RHB Norberto Taváres
|
0-0: Ball 1-0: Ball 2-0: Called Strike 2-1: Ball 3-1: Foul Ball, location: 2F 3-2: Base on Balls
|
Batting: RHB Juan Carlos Rodríguez
|
0-0: Ball 1-0: Ball 2-0: Ball 3-0: Called Strike 3-1: Fielders Choice at 2nd, 6-4 (Groundball, 6)
|
Bottom of the 4th over - 0 runs, 0 hits, 0 errors, 1 left on base; Greenville 3 - Springfield 1 |
TOP OF THE 5TH |
Greenville 84s batting - Pitching for Springfield Stars : LHP José López
|
Batting: RHB Patrick Potts
|
0-0: Called Strike 0-1: Fly out, F8 (Line Drive, 8LM)
|
Batting: LHB Stanley Smith
|
0-0: Called Strike 0-1: Ball 1-1: Ball 2-1: Called Strike 2-2: Ball 3-2: Base on Balls
|
Batting: LHB Juan Cortés
|
0-0: Ball Stanley Smith is caught stealing 2nd base 1-0: Ground out 5-3 (Groundball, 56S)
|
Top of the 5th over - 0 runs, 0 hits, 0 errors, 0 left on base; Greenville 3 - Springfield 1 |
BOTTOM OF THE 5TH |
Springfield Stars batting - Pitching for Greenville 84s : LHP Júlio Gracía
|
Batting: RHB Gabriel Erwin
|
0-0: Foul Ball, location: 2F 0-1: Ball 1-1: TRIPLE (Flyball, 89XD)
|
Batting: SHB António De La Cruz
|
0-0: Ball 1-0: Called Strike 1-1: Ball 2-1: Foul Ball, location: 2F 2-2: Ball 3-2: Base on Balls
|
Pitching: LHP Ed Stevens
|
|
Batting: LHB Jesús Tobías
|
0-0: Ball 1-0: Called Strike 1-1: Swinging Strike 1-2: Fielders Choice at 2nd, 1-6 (Groundball, P)
|
Batting: LHB Derek Davidson
|
0-0: Called Strike 0-1: Ball 1-1: Foul Ball, location: 2F 1-2: SINGLE (Flyball, 78S) Gabriel Erwin scores Jesús Tobías to second
|
Batting: LHB Felipe Guerrero
|
0-0: Called Strike 0-1: Called Strike 0-2: Ball 1-2: Strikes out swinging
|
Batting: LHB Elliott Newell
|
0-0: Ball 1-0: Swinging Strike 1-1: Called Strike 1-2: Ball 2-2: Fly out, F8 (Line Drive, 8LD)
|
Bottom of the 5th over - 1 run, 2 hits, 0 errors, 2 left on base; Greenville 3 - Springfield 2 |
TOP OF THE 6TH |
Greenville 84s batting - Pitching for Springfield Stars : LHP José López
|
Batting: LHB Brock Larsen
|
0-0: Ball 1-0: Called Strike 1-1: Foul Ball, location: 2F 1-2: Ball 2-2: Foul Ball, location: 2F 2-2: Ball 3-2: Base on Balls
|
Batting: RHB Enzo Díaz
|
0-0: Ball 1-0: Ball 2-0: Ball 3-0: Base on Balls Brock Larsen to second
|
Batting: RHB Robert Buckley
|
0-0: Ball 1-0: Swinging Strike 1-1: Foul Ball, location: 2F 1-2: Grounds into double play, U5-3 (Groundball, 5L) Enzo Díaz to second
|
Batting: RHB Casey Fox
|
0-0: Called Strike 0-1: Ball 1-1: Fly out, F7 (Line Drive, 7LM)
|
Top of the 6th over - 0 runs, 0 hits, 0 errors, 1 left on base; Greenville 3 - Springfield 2 |
BOTTOM OF THE 6TH |
Springfield Stars batting - Pitching for Greenville 84s : LHP Ed Stevens
|
Batting: RHB Calvin Bennett
|
0-0: Foul Ball, location: 2F 0-1: SINGLE (Line Drive, 89M)
|
Batting: RHB Norberto Taváres
|
0-0: Grounds into double play, 4-6-3 (Groundball, 4)
|
Batting: RHB Juan Carlos Rodríguez
|
0-0: Ground out 5-3 (Groundball, 56)
|
Bottom of the 6th over - 0 runs, 1 hit, 0 errors, 0 left on base; Greenville 3 - Springfield 2 |
TOP OF THE 7TH |
Greenville 84s batting - Pitching for Springfield Stars : LHP José López
|
Batting: RHB Pat Fernández
|
0-0: Foul Ball, location: 2F 0-1: SINGLE (Groundball, 34D)
|
Batting: LHB Robert Moore
|
0-0: Called Strike 0-1: Fielders Choice at 2nd, 3-6 (Groundball, 3)
|
Pitching: LHP Cristián Escobar
|
|
Batting: RHB Patrick Potts
|
0-0: Ball 1-0: Foul Ball, location: 2F 1-1: Ball 2-1: Swinging Strike 2-2: SINGLE (Groundball, 4MD) Robert Moore to second Runner from 2nd tries for 3rd, SAFE, no throw
|
Batting: LHB Stanley Smith
|
0-0: Called Strike 0-1: Ground out U3 (Groundball, 3S) Patrick Potts to second
|
Batting: LHB Juan Cortés
|
0-0: Ball 1-0: Ball 2-0: Foul Ball, location: 2F 2-1: Called Strike 2-2: Ball 3-2: SINGLE (Groundball, 6S) (infield hit) Robert Moore scores Patrick Potts to third
|
Batting: LHB Brock Larsen
|
0-0: Called Strike 0-1: Fly out, F4 (Popup, 4)
|
Top of the 7th over - 1 run, 3 hits, 0 errors, 2 left on base; Greenville 4 - Springfield 2 |
BOTTOM OF THE 7TH |
Springfield Stars batting - Pitching for Greenville 84s : LHP Ed Stevens
|
Batting: RHB Gabriel Erwin
|
0-0: Called Strike 0-1: Foul Ball, location: 2F 0-2: Fly out, F9 (Flyball, 89M)
|
Batting: SHB António De La Cruz
|
0-0: Called Strike 0-1: Foul Ball, location: 2F 0-2: Fly out, F7 (Flyball, 78D)
|
Batting: LHB Jesús Tobías
|
0-0: Ball 1-0: Swinging Strike 1-1: Swinging Strike 1-2: Foul Ball, location: 2F 1-2: SINGLE (Groundball, 34D)
|
Batting: LHB Derek Davidson
|
0-0: Ball 1-0: Foul Ball, location: 2F 1-1: Foul Ball, location: 2F 1-2: SINGLE (Groundball, 34D) Jesús Tobías to second Runner from 2nd tries for 3rd, OUT!
|
Bottom of the 7th over - 0 runs, 2 hits, 0 errors, 1 left on base; Greenville 4 - Springfield 2 |
TOP OF THE 8TH |
Greenville 84s batting - Pitching for Springfield Stars : LHP Cristián Escobar
|
Batting: RHB Enzo Díaz
|
0-0: Ball 1-0: Fly out, F8 (Flyball, 8LM)
|
Batting: RHB Robert Buckley
|
0-0: Fly out, F9 (Flyball, 9LM)
|
Batting: RHB Casey Fox
|
0-0: Called Strike 0-1: Foul Ball, location: 2F 0-2: Ball 1-2: Ball 2-2: Foul Ball, location: 2F 2-2: Strikes out swinging
|
Top of the 8th over - 0 runs, 0 hits, 0 errors, 0 left on base; Greenville 4 - Springfield 2 |
BOTTOM OF THE 8TH |
Springfield Stars batting - Pitching for Greenville 84s : LHP Ed Stevens
|
Batting: LHB Felipe Guerrero
|
0-0: Ball 1-0: Foul Ball, location: 2F 1-1: Ball 2-1: Foul Ball, location: 2F 2-2: SINGLE (Groundball, 34D)
|
Batting: LHB Elliott Newell
|
0-0: Called Strike 0-1: SINGLE (Line Drive, 34) Felipe Guerrero to second Runner from 2nd tries for 3rd, SAFE, no throw
|
Pitching: RHP Kenshin Kubota
|
|
Batting: RHB Calvin Bennett
|
0-0: Ball 1-0: Called Strike 1-1: Ball Wild Pitch! Felipe Guerrero scores Elliott Newell to second 2-1: Foul Ball, location: 2F 2-2: Fly out, F9 (Flyball, 89S)
|
Batting: RHB Norberto Taváres
|
0-0: Foul Ball, location: 2F 0-1: Ground out 5-3 (Groundball, 56)
|
Pitching: RHP Ricardo Trujillo
|
|
Batting: RHB Juan Carlos Rodríguez
|
0-0: Ground out 5-3 (Groundball, 5L)
|
Bottom of the 8th over - 1 run, 2 hits, 0 errors, 1 left on base; Greenville 4 - Springfield 3 |
TOP OF THE 9TH |
Greenville 84s batting - Pitching for Springfield Stars : LHP Cristián Escobar
|
Batting: RHB Pat Fernández
|
0-0: Swinging Strike 0-1: Ball 1-1: Foul Ball, location: 2F 1-2: Foul Ball, location: 2F 1-2: Ball 2-2: Ball 3-2: Base on Balls
|
Batting: LHB Robert Moore
|
0-0: Swinging Strike 0-1: Ball 1-1: Called Strike 1-2: Ball 2-2: Foul Ball, location: 2F 2-2: 2-RUN HOME RUN (Flyball, 9LD), Distance : 321 ft
|
Pitching: RHP Hyo-chin Ch'oe
|
|
Batting: RHB Patrick Potts
|
0-0: Ball 1-0: Ground out U3 (Groundball, 3)
|
Batting: LHB Stanley Smith
|
0-0: Called Strike 0-1: Swinging Strike 0-2: Foul Ball, location: 2F 0-2: SINGLE (Groundball, 4MD)
|
Pitching: LHP Anthony Erickson
|
|
Batting: LHB Juan Cortés
|
0-0: Ball Stanley Smith steals 2nd base 1-0: Swinging Strike 1-1: SINGLE (Groundball, 6MD) Stanley Smith to third Runner from 3rd tries for Home, SAFE, no throw
|
Batting: LHB Brock Larsen
|
0-0: Ball 1-0: Ball 2-0: Swinging Strike 2-1: Foul Ball, location: 2F 2-2: 2-RUN HOME RUN (Flyball, 9LD), Distance : 326 ft
|
Pitching: RHP Luis Cortéz
|
|
Batting: RHB Enzo Díaz
|
0-0: Foul Ball, location: 2F 0-1: Foul Ball, location: 2F 0-2: Strikes out swinging
|
Batting: RHB Robert Buckley
|
0-0: Ball 1-0: Swinging Strike 1-1: Swinging Strike 1-2: Strikes out looking
|
Top of the 9th over - 5 runs, 4 hits, 0 errors, 0 left on base; Greenville 9 - Springfield 3 |
BOTTOM OF THE 9TH |
Springfield Stars batting - Pitching for Greenville 84s : RHP Ricardo Trujillo
|
Now in LF: José Costa
|
|
Batting: RHB Gabriel Erwin
|
0-0: Called Strike 0-1: Ball 1-1: Swinging Strike 1-2: Foul Ball, location: 2F 1-2: Foul Ball, location: 2F 1-2: Foul Ball, location: 2F 1-2: Foul Ball, location: 2F 1-2: SINGLE (Groundball, 56) (infield hit)
|
Batting: SHB António De La Cruz
|
Pickoff Throw to First - Out! 0-0: Called Strike 0-1: Called Strike 0-2: Foul Ball, location: 2F 0-2: SINGLE (Flyball, 89M)
|
Batting: LHB Jesús Tobías
|
0-0: Ball 1-0: Foul Ball, location: 2F 1-1: Ball 2-1: Called Strike 2-2: Strikes out swinging
|
Batting: LHB Derek Davidson
|
0-0: Ball Wild Pitch! António De La Cruz to second 1-0: Ball 2-0: Ball 3-0: Called Strike 3-1: DOUBLE (Flyball, 8RXD) António De La Cruz scores
|
Batting: LHB Felipe Guerrero
|
0-0: Called Strike 0-1: Ball 1-1: Foul Ball, location: 2F 1-2: Fly out, F7 (Flyball, 7)
|
Bottom of the 9th over - 1 run, 3 hits, 0 errors, 1 left on base; Greenville 9 - Springfield 4 |
|